 Dungeon Crawl Stone Soup version 0.27-a0-797-g27d10ad80f (webtiles) character file.

Game seed: 3761566986535329698

132 porpoise the Ruffian (level 4, -2/39 HPs)
             Began as a Troll Hedge Wizard on Mar 27, 2021.
             Slain by a worm (11 damage)
             ... on level 2 of the Dungeon.
             The game lasted 00:02:29 (1579 turns).

porpoise the Ruffian (Troll Hedge Wizard)           Turns: 1579, Time: 00:02:30

Health: -2/39      AC:  4    Str: 18    XL:     4   Next: 92%
Magic:  6/6        EV:  9    Int: 11    God:
Gold:   16         SH:  0    Dex:  9    Spells: 6/7 levels left

rFire    . . .     SeeInvis .     - Unarmed
rCold    . . .     Faith    .   (no shield)
rNeg     . . .     Spirit   .   b - +0 robe
rPois    .         Reflect  .   c - +0 hat
rElec    .         Harm     .   (no cloak)
rCorr    .         Rampage  .   (gloves unavailable)
Will     .....                  (boots unavailable)
Stlth    +.........             (no amulet)
HPRegen  1.13/turn              (no ring)
MPRegen  0.10/turn              (no ring)

@: no status effects
A: large, unfitting armour, claws 3, regeneration 1, shaggy fur 1, tough skin 1
a: no special abilities


You were on level 2 of the Dungeon.
You visited 1 branch of the dungeon, and saw 2 of its levels.

You collected 16 gold pieces.

Inventory:

Missiles
 a - 50 stones
 f - 12 poisoned darts (quivered)
Armour
 b - a +0 robe (worn)
 c - a +0 hat (worn)
Scrolls
 d - a scroll of vulnerability {unknown}
 g - a scroll of teleportation {unknown}
Potions
 e - a potion of ambrosia {unknown}


   Skills:
 - Level 1.5 Dodging
 - Level 1.0 Stealth
 + Level 4.6 Unarmed Combat
 - Level 2.0 Spellcasting
 - Level 0.6 Conjurations
 - Level 0.6 Summonings
 - Level 0.6 Translocations


You had 6 spell levels left.
You knew the following spells:

 Your Spells              Type           Power      Damage    Failure   Level
a - Magic Dart            Conj           8%         1d3       22%         1

Your spell library contained the following spells:

 Spells                   Type           Power      Damage    Failure   Level
 Blink                    Tloc           N/A        N/A       34%         2
 Call Imp                 Summ           2%         N/A       34%         2
 Slow                     Hex            1%         N/A       41%         2
 Conjure Flame            Conj/Fire      1%         6-21      61%         3
 Mephitic Cloud           Conj/Pois/Air  1%         N/A       63%         3


Dungeon Overview and Level Annotations

Branches:
Dungeon (2/15)

Altars:
Trog


Innate Abilities, Weirdness & Mutations

You are too large for most types of armour.
You have claws for hands.
Your natural rate of healing is unusually fast.
You are covered in fur. (AC +1)
You have tough skin. (AC +1)


Message History

Unknown command.
Unknown command.
The moth of wrath goads the rat on!
The rat goes berserk!
You scratch the rat.
You kill the rat!
You claw the rat!
You kill the rat!
You barely miss the rat. The rat bites you.
You barely miss the rat. The rat bites you but does no damage.
You scratch the rat.
The rat is heavily wounded.
The rat bites you. The rat closely misses you.
You scratch the rat.
You kill the rat!
Things that are here:
a rat corpse; a rat corpse; a rat corpse You claw the worm!
The worm is heavily wounded.
You barely miss the worm.
The worm is heavily wounded.
The worm misses you.
You claw the worm!
You kill the worm!
You start waiting.
Done waiting.
You see here a worm corpse.
The moth of wrath's fur bristles in rage as it notices you.
A worm comes into view.
Found a club and a hand axe.
The moth of wrath goads the worm on!
The worm goes berserk!
The worm bites you! The worm bites you!
You scratch the worm.
The worm is lightly wounded.
The worm bites you!
* * * LOW HITPOINT WARNING * * *
The worm bites you.
* * * LOW HITPOINT WARNING * * *
The worm bites you!
You die...

##### ###...###
##)....).##
#)..._...)#
##.........##
#....###.w..#
#...##y##.@.#
#....###....#
#...........#...#..#
##.........##......#
##.......##.......#
####.####........#
#.# #........# #†#
##........#
#†###).#...#..#


You could see a moth of wrath and a worm (berserk).

Vanquished Creatures
  A water moccasin (D:2)
  An adder (D:2)
  A worm (D:2)
  A dart slug (D:1)
  2 ball pythons (D:1)
  An endoplasm (D:1)
  2 goblins
  A quokka (D:1)
  4 kobolds (D:1)
  3 rats (D:2)
17 creatures vanquished.

Notes
Turn   | Place    | Note
-------+----------+-------------------------------------------
     0 | D:1      | porpoise the Troll Hedge Wizard began the quest for the
                  | Orb.
     0 | D:1      | Reached XP level 1. HP: 16/16 MP: 2/2
   250 | D:1      | Reached skill level 1 in Unarmed Combat
   641 | D:1      | Reached XP level 2. HP: 24/24 MP: 4/4
   907 | D:1      | Reached skill level 2 in Unarmed Combat
  1086 | D:2      | Noticed a water moccasin
  1094 | D:2      | Killed a water moccasin
  1095 | D:2      | Reached skill level 4 in Unarmed Combat
  1095 | D:2      | Reached XP level 3. HP: 7/31 MP: 5/5
  1095 | D:2      | Reached XP level 4. HP: 9/39 MP: 6/6
  1436 | D:2      | Noticed a moth of wrath
  1439 | D:2      | Found a bloodstained altar of Trog.
  1579 | D:2      | Slain by a worm

Illustrated notes

Levels and vault maps discovered:
D:1:      lightli_arrival_isolated_outpost, layout_basic
D:2:      minmay_diamond_boxcup, layout_rooms, tgw_trog, serial_shops, shop,
          minmay_misc_feat_room

Skill      XL: |  1  2 |
---------------+-------+-----
Unarmed Combat | 1 4 |  4.6
Dodging        | |  1.5
Stealth        | |  1.0
Spellcasting   | |  2.0
Conjurations   | |  0.6
Summonings     | |  0.6
Translocations | |  0.6

Action                   |  1- 3 |  4- 6 || total
-------------------------+-------+-------++-------
Melee: Unarmed           |    37 |    17 ||    54
 Stab: Sleeping          |     2 |       ||     2
Armor: Robe              |     6 |     3 ||     9
Dodge: Dodged            |    12 |     4 ||    16

Table legend: (Time is in decaauts)
 A = Elapsed time spent in this place.
 B = Non-inter-level travel time spent in this place.
 C = Inter-level travel time spent in this place.
 D = Time resting spent in this place.
 E = Time spent auto-exploring this place.
 F = Levels seen in this place.
 G = Mean time per level.
                   A        B        C        D        E       F      G
               +--------+--------+--------+--------+--------+-----+--------+
         Total |   1582 |   1572 |     10 |    633 |    775 |   2 |  791.0 |
       Dungeon |   1582 |   1572 |     10 |    633 |    775 |   2 |  791.0 |
               +--------+--------+--------+--------+--------+-----+--------+

Top non-repeatable levels by time:
     D:1: 1185 daAuts
     D:2: 397 daAuts
